 Dungeon Crawl Stone Soup version 0.30.1-11-g7821555f0a (webtiles) character file.

Game seed: 17309701312513315816

102 KittyFluff the Cudgeller (level 4, -8/43 HPs)
             Began as a Gargoyle Berserker on Oct 30, 2023.
             Was a Believer of Trog.
             Mangled by an orc
             ... wielding a +1 heavy flail
              (16 damage)
             ... on level 4 of the Dungeon.
             The game lasted 00:09:16 (2546 turns).

KittyFluff the Cudgeller (Gargoyle Berserker)       Turns: 2546, Time: 00:09:17

Health: -8/43      AC:  8    Str: 22    XL:     4   Next: 77%
Magic:  4/4        EV: 11    Int:  8    God:    Trog [**....]
Gold:   203        SH:  3    Dex:  9    Spells: 3/3 levels left

rFire   . . .        a - +0 mace
rCold   . . .        i - +0 buckler
rNeg    + . .        b - +0 animal skin
rPois   ∞            (no helmet)
rElec   +            r - +0 cloak
rCorr   .            k - +0 pair of gloves
SInv    .            (no boots)
Will    +....        (no amulet) Stlth
                     h - ring of willpower
HPRegen 0.27/turn    (no ring)
MPRegen 0.09/turn

%: no passive effects
@: berserking, very quick
A: sickness immunity, AC +3, negative energy resistance 1, electricity
resistance, torment resistance 1, petrification resistance
a: Renounce Religion, Berserk, Trog's Hand


You were on level 4 of the Dungeon.
You worshipped Trog.
Trog was pleased with you.
You visited 1 branch of the dungeon, and saw 4 of its levels.

You collected 203 gold pieces.

Inventory:

Hand Weapons
 a - a +0 mace (weapon)
 g - a +0 shortbow
Armour
 b - a +0 animal skin (worn)
 i - a +0 buckler (worn)
 k - a +0 pair of gloves (worn)
 r - a +0 cloak (worn)
Jewellery
 e - a +6 ring of intelligence
 h - a ring of willpower (left hand)
Wands
 d - a wand of polymorph (12)
Scrolls
 f - 3 scrolls of teleportation {unknown}
 j - a scroll of brand weapon {unknown}
 m - 2 scrolls of magic mapping {unknown}
 p - a scroll of enchant armour
 s - a scroll of blinking
Potions
 c - a potion of mutation
 l - 2 potions of flight
 n - 2 potions of heal wounds
 o - a potion of attraction {unknown}
 t - a potion of lignification {unknown}


   Skills:
 + Level 3.7 Fighting
 * Level 3.9 Maces & Flails
 * Level 3.3 Armour
 + Level 2.1 Dodging
 + Level 1.0 Shields


You had 3 spell levels left.
You didn't know any spells.
Your spell library was empty.

Dungeon Overview and Level Annotations

Branches:
Dungeon (4/15)
 Temple: D:4-7

Altars:
Okawaru
Uskayaw


Innate Abilities, Weirdness & Mutations

You are immune to sickness and miasma.
Your stone body is resilient. (AC +3)
You are immune to poison.
You resist negative energy. (rN+)
You are resistant to electric shocks. (rElec)
You are resistant to unholy torment.
You are immune to petrification.


Message History

An orc is wielding a +0 dagger of freezing.
The endoplasm quivers.
The orc shouts!
The orc moves out of view. x2
An orc priest and an orc come into view.
The orc is wielding a +1 heavy flail.
The orc shouts!
The orc priest shouts!
The orc shouts!
The endoplasm jiggles.
The orc hits you with a +0 falchion.
You hit the orc.
The orc is heavily wounded.
The orc misses you.
You hit the orc.
The orc is almost dead.
The orc barely misses you.
You barely miss the orc.
The orc is almost dead.
The orc hits you with a +0 falchion.
You hit the orc.
You kill the orc!
Trog accepts your kill.
You closely miss the orc. The orc completely misses you.
You block the orc's attack.
You barely miss the orc. The orc hits you but does no damage. x2
You hit the orc.
The orc is moderately wounded.
The orc closely misses you. The orc hits you with a +0 short sword.
You closely miss the orc.
The orc is moderately wounded.
The orc barely misses you. The orc hits you with a +1 heavy flail!
Ouch! That really hurt!
* * * LOW HITPOINT WARNING * * *
The orc hits you but does no damage.
A red film seems to cover your vision as you go berserk!
You feel yourself moving faster!
You feel mighty! The orc hits you but does no damage.
The orc completely misses you.
You barely miss the orc. You closely miss the orc. The orc barely misses you.
The orc hits you with a +1 heavy flail!
You die...

### #################.#
#.................#
#.###############.#
#.###.###########.# .###
#..Jo.#(..........#
.....#...#@#.###########
..........#o#.<#
..........#o#..#
........J..o...#
............#......
........o.#.#.####.
..........#.#.#
..###.....#.#.#
#.....#.#.#


You could see an orc priest, 3 orcs and an endoplasm.

Vanquished Creatures
  3 adders (D:3)
  2 worms (D:3)
  3 dart slugs
  2 orcs
  5 endoplasms
  2 giant cockroaches
  6 goblins
  7 hobgoblins
  2 jackals (D:3)
  3 quokkas
  5 ball pythons
  7 bats
  3 frilled lizards
  2 kobolds (D:1)
  10 rats
62 creatures vanquished.

Notes
Turn   | Place    | Note
-------+----------+-------------------------------------------
     0 | D:1      | KittyFluff the Gargoyle Berserker began the quest for the
                  | Orb.
     0 | D:1      | Reached XP level 1. HP: 14/14 MP: 1/1
   313 | D:1      | Reached XP level 2. HP: 17/19 MP: 2/2
   470 | D:1      | Found a faded altar of an unknown god.
   540 | D:1      | You fall into a shaft and drop 1 floor!
   730 | D:2      | Reached XP level 3. HP: 23/23 MP: 3/3
   786 | D:2      | Reached ** piety under Trog
   881 | D:2      | Found a hide-covered altar of Uskayaw.
  2088 | D:3      | Reached XP level 4. HP: 27/28 MP: 4/4
  2341 | D:3      | Reached skill level 1 in Shields
  2387 | D:3      | Found an iron altar of Okawaru.
  2546 | D:4      | Mangled by an orc

Illustrated notes

Levels and vault maps discovered:
D:1:      elethiomel_arrival_infinity_welcomes_careful_drivers, layout_basic,
          chequers_ecumenical_altar_simple, chequers_serial_rivers_large_b,
          st_stairs_8, minmay_tall_x
D:2:      layout_loops_corners, basic_altar, minmay_misc_feat_enclosed
D:3:      layout_basic, mainiacjoe_overflow_alcove_1, minmay_misc_feat_five
D:4:      minmay_angry_zag, layout_basic, nicolae_overflow_squiral,
          mainiacjoe_overflow_24_doors, gammafunk_temple_overflow_wave,
          hex_medium, uniq_ijyb

Skill      XL: |  1  2  3  4 |
---------------+-------------+-----
Armour         | 3 |  3.3
Dodging        | 2 |  2.1
Shields        | 1 |  1.0
Fighting       | |  3.7
Maces & Flails | |  3.9

Action                     |  1- 3 |  4- 6 || total
---------------------------+-------+-------++-------
  Melee: Mace              |   119 |    55 ||   174
         Punch             |     1 |       ||     1
 Invoke: Berserk           |       |     1 ||     1
    Use: Scroll            |     3 |     2 ||     5
 Armour: Animal skin       |    43 |    24 ||    67
  Dodge: Dodged            |    70 |    31 ||   101
  Block: Buckler           |     3 |     6 ||     9
